Map: Lockdown LE

Players

Serral - Winner!

  • Race: Zerg Zerg
  • League: Master
  • Spawn Location: 1:00

Geralt (Gerald)

  • Race: Protoss Protoss
  • League: Grandmaster
  • Spawn Location: 7:00

Event: HomeStory Cup XXIX

VOD

Have the link to the VOD?

Description

Time

  • Played on: July 4, 2026, 9:10 a.m.
  • Length: 11:29

All games in this series

Show
View Real Time Build Order
Export as new Build Order

Serral Zerg - Winner!

Build Orders: Hatch First, Lurkers, Roach Hydra 

Get SALT Encoding   

  8  0:00  Drone  
  9  0:09  Drone  
  10  0:17  Drone  
  11  0:27  Overlord  
  11  0:32  Drone  
  12  0:45  Drone x2  
  14  0:50  Drone  
  15  1:05  Drone  
  16  1:14  Hatchery  
  15  1:18  Drone  
  15  1:21  Drone  
  17  1:29  Drone  
  18  1:37  Extractor  
  17  1:41  Spawning Pool  
  17  1:44  Drone  
  17  1:50  Drone  
  18  2:00  Drone  
  19  2:10  Overlord  
  19  2:20  Drone  
  20  2:27  Queen x2  
  20  2:29  Drone  
  25  2:32  Zergling x2  
  26  2:39  Drone  
  26  2:42  Metabolic Boost  
  27  2:46  Zergling x2  
  27  2:50  Drone  
  29  2:53  Drone  
  30  2:59  Drone  
  30  3:02  Overlord  
  31  3:11  Drone  
  32  3:15  Hatchery  
  32  3:18  Drone  
  32  3:24  Queen  
  34  3:29  Overlord  
  34  3:32  Drone  
  34  3:33  Drone  
  36  3:36  Drone  
  36  3:40  Drone x2  
  39  3:44  Drone  
  40  3:50  Queen  
  40  3:51  Drone  
  40  3:52  Drone  
  44  3:57  Overlord  
  44  4:00  Drone x2  
  46  4:07  Spore Crawler  
  46  4:08  Queen  
  47  4:11  Drone  
  47  4:15  Drone x3  
  51  4:19  Overlord  
  51  4:23  Drone x3  
  54  4:28  Drone x3  
  57  4:35  Spore Crawler  
  56  4:39  Drone x5  
  56  4:43  Overlord  
  56  4:44  Overlord  
  61  4:52  Drone x4  
  64  4:55  Overlord  
  64  4:58  Overlord  
  64  5:03  Drone x2  
  66  5:08  Drone  
  66  5:09  Drone  
  66  5:10  Drone  
  66  5:11  Hatchery, Drone  
  69  5:15  Lair  
  69  5:18  Zergling x8  
  69  5:21  Zergling x2  
  73  5:22  Zergling x2  
  73  5:26  Zergling x2  
  73  5:27  Roach Warren  
  73  5:29  Extractor  
  73  5:30  Extractor, Spore Crawler  
  73  5:32  Drone  
  73  5:33  Drone x3  
  73  5:35  Zergling x2  
  75  5:38  Drone x4  
  75  5:41  Overlord  
  79  5:46  Queen, Evolution Chamber  
  79  5:47  Overlord  
  78  5:50  Zergling x2  
  78  5:51  Drone x2  
  78  5:52  Drone  
  78  5:56  Drone x2  
  82  5:57  Hatchery  
  79  6:04  Overlord  
  79  6:05  Overlord  
  79  6:07  Drone x2  
  79  6:10  Drone x2  
  78  6:14  Glial Reconstitution  
  78  6:15  Zerg Missile Weapons Level 1  
  78  6:17  Roach x4  
  85  6:23  Extractor  
  84  6:27  Roach x3  
  84  6:29  Overlord  
  84  6:32  Roach, Zergling x2  
  93  6:33  Zergling x6  
  96  6:41  Zergling x2  
  96  6:42  Zergling x4  
  99  6:48  Hydralisk Den, Extractor  
  99  6:49  Overseer  
  99  6:50  Drone x2  
  99  6:51  Drone  
  99  6:54  Zergling x12  
  106  7:01  Overlord  
  106  7:03  Roach x4  
  106  7:08  Infestation Pit  
  112  7:17  Drone x4  
  112  7:18  Drone  
  112  7:19  Muscular Augments  
  112  7:20  Extractor  
  116  7:24  Overlord, Drone x2  
  116  7:25  Drone  
  116  7:29  Overlord  
  119  7:30  Zergling x18  
  128  7:38  Overlord  
  128  7:41  Drone x4  
  130  7:44  Drone x2  
  130  7:46  Hive  
  130  7:47  Drone  
  130  7:48  Lurker Den  
  130  7:49  Drone  
  130  7:51  Drone x5  
  136  7:52  Drone  
  136  7:56  Lurker Den  
  136  7:57  Drone  
  135  7:59  Drone x4  
  135  8:01  Drone  
  135  8:02  Drone  
  140  8:06  Extractor  
  140  8:08  Overlord, Extractor  
  140  8:11  Overlord  
  140  8:12  Zerg Missile Weapons Level 2  
  137  8:14  Hydralisk x3  
  137  8:15  Hydralisk, Hatchery  
  144  8:22  Hydralisk x3  
  144  8:23  Zergling x6  
  152  8:31  Spore Crawler  
  152  8:32  Grooved Spines, Overlord  
  152  8:33  Overlord x2  
  151  8:38  Hydralisk x4  
  151  8:39  Zergling x4  
  161  8:48  Overlord x2  
  161  8:51  Hydralisk x5  
  171  8:57  Zergling x12  
  177  9:05  Adaptive Talons, Seismic Spines  
  176  9:10  Drone x2  
  176  9:11  Drone x6  
  176  9:13  Lurker  
  176  9:14  Lurker  
  185  9:18  Lurker  
  185  9:19  Extractor, Lurker  
  185  9:23  Extractor  
  185  9:26  Hydralisk  
  185  9:27  Hydralisk, Zergling x18  
  198  9:33  Overseer  
  198  9:34  Overseer  
  198  9:35  Lurker  
  198  9:37  Lurker  
  186  10:00  Hydralisk, Swarm Host  
  186  10:03  Zergling x34  
  185  10:11  Spire  
  183  10:18  Hydralisk x6  
  183  10:19  Zergling x20  
  198  10:33  Zergling x2  
  198  10:34  Zergling x4  
  199  10:38  Evolution Chamber  
  199  10:40  Spore Crawler  
  189  10:52  Hydralisk x6, Zergling x2  
  189  10:53  Zergling x8  
  186  10:57  Zergling x20  
  186  11:02  Hydralisk x2  
  186  11:03  Zergling x12  
  190  11:09  Zergling x10  
  191  11:12  Zergling x6  
Show
View Real Time Build Order
Export as new Build Order

Geralt Protoss 

Build Orders: Oracle Opening 

Get SALT Encoding   

  8  0:00  Probe  
  9  0:12  Probe  
  10  0:24  Probe  
  11  0:31  Pylon  
  11  0:36  Probe (Chrono Boost)  
  12  0:48  Probe (Chrono Boost)  
  13  0:54  Gateway  
  13  0:56  Probe (Chrono Boost)  
  14  1:04  Probe  
  14  1:08  Assimilator  
  15  1:16  Probe (Chrono Boost)  
  17  1:26  Probe (Chrono Boost)  
  17  1:31  Probe (Chrono Boost)  
  18  1:42  Probe  
  19  1:54  Probe  
  19  2:01  Nexus  
  20  2:07  Probe  
  21  2:09  Cybernetics Core  
  21  2:15  Pylon  
  21  2:21  Assimilator  
  21  2:33  Probe  
  22  2:43  Adept (Chrono Boost)  
  22  2:45  Probe  
  25  2:57  Stargate, Probe  
  26  3:08  Adept  
  26  3:10  Probe  
  26  3:11  Warp Gate  
  30  3:12  Probe  
  30  3:22  Probe  
  30  3:24  Probe  
  32  3:34  Probe  
  33  3:37  Probe  
  33  3:38  Nexus  
  34  3:45  Oracle (Chrono Boost)  
  34  3:46  Probe  
  38  3:50  Probe  
  38  3:53  Pylon  
  39  3:58  Probe  
  39  4:02  Gateway  
  40  4:05  Probe  
  41  4:11  Stalker  
  41  4:13  Probe  
  41  4:16  Oracle (Chrono Boost)  
  44  4:18  Probe  
  48  4:25  Probe  
  48  4:30  Pylon  
  49  4:31  Probe  
  49  4:38  Gateway  
  50  4:41  Gateway  
  50  4:42  Assimilator  
  50  4:48  Probe  
  50  4:49  Probe  
  52  4:54  Twilight Council  
  52  4:57  Forge  
  52  5:00  Probe  
  52  5:01  Probe  
  52  5:02  Probe  
  55  5:08  Adept x2  
  55  5:11  Blink  
  55  5:12  Probe  
  55  5:14  Probe  
  61  5:16  Probe  
  62  5:24  Probe  
  62  5:26  Probe  
  62  5:27  Pylon  
  62  5:28  Probe  
  65  5:35  Protoss Ground Weapons Level 1 (Chrono Boost)  
  65  5:37  Probe  
  65  5:38  Probe  
  67  5:46  Probe  
  67  5:49  Pylon  
  68  6:00  Probe  
  68  6:01  Probe  
  68  6:03  Probe  
  66  6:05  Stalker x3  
  66  6:10  Pylon  
  70  6:12  Probe, Pylon  
  70  6:13  Probe  
  70  6:15  Probe  
  70  6:18  Gateway  
  69  6:20  Gateway  
  69  6:21  Assimilator  
  69  6:23  Stalker  
  69  6:24  Oracle (Chrono Boost)  
  71  6:25  Gateway  
  71  6:26  Pylon  
  71  6:27  Pylon  
  74  6:37  Stalker  
  74  6:38  Gateway  
  74  6:39  Gateway  
  76  6:44  Probe  
  76  6:45  Stalker  
  79  6:52  Probe  
  80  6:54  Stalker x2  
  80  7:00  Pylon  
  85  7:01  Probe  
  85  7:03  Probe  
  85  7:07  Nexus  
  86  7:10  Probe  
  87  7:16  Stalker x2  
  87  7:20  Probe  
  92  7:24  Pylon  
  92  7:25  Stalker x2, Pylon  
  94  7:43  Probe  
  93  7:46  Stalker x5  
  93  7:47  Probe  
  100  7:53  Probe  
  99  7:59  Probe  
  99  8:01  Stalker x2, Probe  
  99  8:05  Probe  
  98  8:11  Stalker x3  
  102  8:13  Photon Cannon, Probe  
  102  8:14  Photon Cannon  
  102  8:16  Shield Battery  
  102  8:17  Zealot x2  
  102  8:18  Probe x2  
  107  8:21  Photon Cannon  
  107  8:24  Shield Battery  
  107  8:25  Probe  
  106  8:28  Probe (Chrono Boost)  
  106  8:30  Pylon  
  106  8:32  Probe x2 (Chrono Boost)  
  109  8:35  Stalker x3  
  109  8:37  Zealot x2  
  109  8:41  Photon Cannon  
  120  8:43  Shield Battery, Probe (Chrono Boost)  
  120  8:44  Probe (Chrono Boost)  
  120  8:48  Charge (Chrono Boost)  
  121  8:49  Stalker x2  
  121  8:52  Protoss Ground Armor Level 1 (Chrono Boost)  
  121  8:54  Probe  
  126  8:59  Probe  
  126  9:02  Probe  
  128  9:05  Probe  
  128  9:07  Probe  
  128  9:11  Probe  
  128  9:12  Assimilator  
  128  9:13  Assimilator  
  128  9:15  Assimilator, Zealot x5  
  128  9:16  Zealot x3, Pylon  
  143  9:19  Photon Cannon  
  143  9:20  Photon Cannon  
  143  9:21  Shield Battery, Pylon  
  143  9:23  Templar Archives  
  143  9:36  Probe  
  144  9:40  Pylon  
  144  9:42  Photon Cannon  
  144  9:43  Photon Cannon x2  
  144  9:49  Zealot x3, Stalker  
  144  9:50  Stalker x4  
  137  10:12  Zealot x6  
  147  10:21  Zealot x2  
  131  10:34  Pylon  
  130  10:38  High Templar x2  
  130  10:39  Pylon, Zealot x4  
  140  10:47  Zealot x2  
  140  10:48  Zealot  
  137  10:50  Archon  
  133  11:02  Stalker x4  
  116  11:08  Nexus  
  116  11:09  Pylon  
  116  11:11  Stalker x3  
  94  11:12  Probe  
  94  11:13  Probe  
  94  11:17  Zealot x2  
Tags
 
Add a new tag
Caveats
  • Supply blocks, unpowered buildings, or Contaminate may cause inaccurate times.
  • Supply counts are checked every 10 seconds.